 Dungeon Crawl Stone Soup version 0.30-a0-878-gc727b3d3d6 (webtiles) character file.

Game seed: 8887309598702887681

112 IndexError the Firebug (level 4, 0/24 HPs)
             Began as a Gargoyle Fire Elementalist on Mar 12, 2023.
             Slain by an orc
             ... wielding a +2 dagger of draining
              (2 damage)
             ... on level 3 of the Dungeon.
             The game lasted 00:03:00 (2162 turns).

IndexError the Firebug (Gargoyle Fire Elementalist) Turns: 2162, Time: 00:03:00

Health: 0/24       AC:  5    Str: 11    XL:     4   Next: 93%
Magic:  0/9        EV: 11    Int: 18    God:
Gold:   73         SH:  0    Dex: 10    Spells: 6/9 levels left

rFire   . . .      SeeInvis .    c - +0 short sword
rCold   . . .      Faith    .    (no shield)
rNeg    + . .      Spirit   .    a - +0 robe
rPois   ∞          Reflect  .    (no helmet)
rElec   +          Rampage  .    (no cloak)
rCorr   .                        (no gloves)
Will    .....                    (no boots)
Stlth   ++                       (no amulet)
HPRegen 0.24/turn                (no ring)
MPRegen 0.11/turn                (no ring)

@: no status effects
A: sickness immunity, AC +3, negative energy resistance 1, electricity
resistance, torment resistance 1, petrification resistance
a: no special abilities


You were on level 3 of the Dungeon.
You visited 1 branch of the dungeon, and saw 3 of its levels.

You collected 73 gold pieces.

Inventory:

Hand Weapons
 c - a +0 short sword (weapon)
   (You took it off a kobold on level 1 of the Dungeon)
Armour
 a - a +0 robe (worn)
Scrolls
 e - 4 scrolls of teleportation {unknown}
 f - 3 scrolls of identify {unknown}
 h - a scroll of amnesia {unknown}
 i - a scroll of enchant weapon {unknown}
 k - a scroll of brand weapon {unknown}
 l - a scroll of blinking {unknown}
Potions
 b - a potion of magic
 d - a potion of lignification {unknown}
 g - a potion of might {unknown}
 j - a potion of berserk rage {unknown}
 m - a potion of heal wounds {unknown}


   Skills:
 - Level 1.5 Dodging
 - Level 2.1 Stealth
 + Level 3.4 Spellcasting
 - Level 1.1 Conjurations
 + Level 4.4 Fire Magic


You had 6 spell levels left.
You knew the following spells:

 Your Spells              Type           Power      Damage    Failure   Level
a - Foxfire               Conj/Fire      52%        2x1d6     4%          1
b - Scorch                Fire           36%        2d7       3%          2

Your spell library contained the following spells:

 Spells                   Type           Power      Damage    Failure   Level
 Inner Flame              Hex/Fire       11%        N/A       19%         3
 Kindle Blastsparks       Fire/Tloc/Air  16%        2d11      26%         3
 Flame Wave               Conj/Fire      13%        2d6       45%         4


Dungeon Overview and Level Annotations

Branches:
Dungeon (3/15)

Altars:


Innate Abilities, Weirdness & Mutations

You are immune to sickness and miasma.
Your stone body is resilient. (AC +3)
You are immune to poison.
You resist negative energy. (rN+)
You are resistant to electric shocks. (rElec)
You are resistant to unholy torment.
You are immune to petrification.


Message History

Done exploring.
Done exploring.
Done exploring.
There is a stone staircase leading down here.
You climb downwards.
There is a stone staircase leading up here.
You climb upwards.
There is a stone staircase leading down here.
There is a stone staircase leading down here.
You climb downwards.
There is a stone staircase leading up here.
You climb upwards.
There is a stone staircase leading down here.
There is a stone staircase leading down here.
You climb downwards.
The orc shouts! x2; The orc wizard shouts!
The orc shouts!
There is a stone staircase leading up here.
Casting: Foxfire (safe; 5% risk of failure)
Press: ? - help, Q - select action, (/) - cycle Dir - look around, f - activate You conjure some foxfire!
You now have 7/8 mp.
Casting: Foxfire (safe; 5% risk of failure)
Press: ? - help, Q - select action, (/) - cycle Dir - look around, f - activate You conjure some foxfire!
The foxfire hits the orc.
The foxfire hits the orc but does no damage.
You now have 6/8 mp.
Casting: Foxfire (safe; 5% risk of failure)
Press: ? - help, Q - select action, (/) - cycle Dir - look around, f - activate You conjure some foxfire!
The foxfire hits the orc.
The foxfire hits the orc but does no damage.
You now have 5/8 mp.
Casting: Foxfire (safe; 5% risk of failure)
Press: ? - help, Q - select action, (/) - cycle Dir - look around, f - activate You conjure some foxfire!
The foxfire hits the orc wizard. x2; The orc wizard completely misses you.
The orc hits you with a +2 dagger of draining.
You take 2 damage, and have 22/24 hp.
You now have 4/8 mp.
Casting: Foxfire (safe; 5% risk of failure)
Press: ? - help, Q - select action, (/) - cycle Dir - look around, f - activate You conjure some foxfire!
The foxfire hits the orc but does no damage.
The foxfire hits the orc.
The orc hits you with a +2 dagger of draining.
The orc wizard closely misses you.
You take 1 damage, and have 21/24 hp.
You now have 3/8 mp.
Casting: Foxfire (safe; 5% risk of failure)
Press: ? - help, Q - select action, (/) - cycle Dir - look around, f - activate You conjure some foxfire!
The foxfire hits the orc wizard but does no damage.
The foxfire hits the orc wizard.
The orc barely misses you. The orc wizard closely misses you.
The orc closely misses you.
You now have 2/8 mp.
Casting: Foxfire (safe; 5% risk of failure)
Press: ? - help, Q - select action, (/) - cycle Dir - look around, f - activate You conjure some foxfire!
The foxfire hits the orc but does no damage. x2
The orc barely misses you. The orc hits you but does no damage.
The orc wizard hits you but does no damage.
You now have 1/8 mp.
Casting: Foxfire (safe; 5% risk of failure)
Press: ? - help, Q - select action, (/) - cycle Dir - look around, f - activate You conjure some foxfire!
The foxfire hits the orc wizard. x2
The orc wizard hits you with a +0 dagger.
The orc hits you but does no damage.
The orc hits you with a +2 dagger of draining.
You take 5 damage, and have 16/24 hp.
MASSIVE DAMAGE!!
You now have 0/8 mp.
You don't have enough magic to cast this spell.
There are monsters nearby!
There are monsters nearby!
The foxfire hits the orc but does no damage.
The foxfire hits the orc.
The orc wizard closely misses you. The orc hits you but does no damage.
The orc hits you with a +2 dagger of draining.
You take 2 damage, and have 14/24 hp.
You hit the orc wizard but do no damage.
The orc wizard barely misses you. The orc hits you with a +0 whip.
The orc misses you.
You take 2 damage, and have 12/24 hp.
You hit the orc wizard.
The orc hits you with a +2 dagger of draining.
* * * LOW HITPOINT WARNING * * *
The orc barely misses you.
You take 6 damage, and have 6/24 hp.
MASSIVE DAMAGE!!
Casting: Foxfire (safe; 4% risk of failure)
Press: ? - help, Q - select action, (/) - cycle Dir - look around, f - activate You conjure some foxfire!
The orc closely misses you. The orc hits you with a +0 whip.
* * * LOW HITPOINT WARNING * * *
You take 5 damage, and have 1/24 hp.
MASSIVE DAMAGE!!
You now have 0/9 mp.
There are monsters nearby!
You don't have enough magic to cast this spell.
The foxfire hits the orc but does no damage. x2
The orc closely misses you. The orc hits you but does no damage.
The orc attacks as you move away! The orc hits you but does no damage.
The orc attacks as you move away!
The orc hits you with a +2 dagger of draining.
You die...

#!#...#.#.........#
#.......#.........#
#.......#.........#
#....<..#.........#
#.................#
.........#.#...)...+
...........##...)..#####
...(...........oo.......
.##############.@.#####
+)........ #...######
#####


You could see 2 orcs.

Vanquished Creatures
  An orc wizard (D:3)
  4 adders (D:2)
  2 dart slugs
  An orc (D:3)
  2 endoplasms (D:2)
  5 giant cockroaches
  4 goblins
  7 hobgoblins
  5 kobolds
  2 quokkas (D:1)
  A ball python (D:2)
  4 bats (D:2)
  3 frilled lizards
  3 rats
44 creatures vanquished.

Vanquished Creatures (others)
  184 foxfires
184 creatures vanquished.

Grand Total: 228 creatures vanquished

Notes
Turn   | Place    | Note
-------+----------+-------------------------------------------
     0 | D:1      | IndexError the Gargoyle Fire Elementalist began the quest
                  | for the Orb.
     0 | D:1      | Reached XP level 1. HP: 10/10 MP: 3/3
   191 | D:1      | HP: 1/10 [dart slug/slug dart (3)]
   209 | D:1      | Reached XP level 2. HP: 7/15 MP: 0/5
   944 | D:2      | Reached XP level 3. HP: 19/19 MP: 3/6
   948 | D:2      | Learned a level 2 spell: Scorch
  1445 | D:2      | Reached skill level 3 in Spellcasting
  1608 | D:2      | Reached skill level 4 in Fire Magic
  1608 | D:2      | Reached XP level 4. HP: 24/24 MP: 5/8
  2158 | D:3      | HP: 6/24 [orc/+2 dagger of draining (6)]
  2159 | D:3      | HP: 1/24 [orc/+0 whip (5)]
  2162 | D:3      | Slain by an orc

Illustrated notes

Levels and vault maps discovered:
D:1:      wander_arrival_lonely_grave, layout_rooms, grunt_decor_arrowhead,
          serial_park_tiny_1
D:2:      wad_crossroads, layout_rooms
D:3:      layout_basic, mainiacjoe_overflow_tiny_flanked,
          ebering_ghost_reflecting_pool, uniq_grinder, uniq_jessica

Skill      XL: |  1  2  3 |
---------------+----------+-----
Spellcasting   | 3 |  3.4
Fire Magic     | 4 |  4.4
Dodging        | |  1.5
Stealth        | |  2.1
Conjurations   | |  1.1

Action                     |  1- 3 |  4- 6 || total
---------------------------+-------+-------++-------
  Melee: Short sword       |    19 |     7 ||    26
         Punch             |       |     1 ||     1
   Cast: Foxfire           |    74 |    30 ||   104
   Stab: Sleeping          |     2 |       ||     2
 Armour: Robe              |    11 |     8 ||    19
  Dodge: Dodged            |    14 |    17 ||    31

Table legend: (Time is in decaauts)
 A = Elapsed time spent in this place.
 B = Non-inter-level travel time spent in this place.
 C = Inter-level travel time spent in this place.
 D = Time resting spent in this place.
 E = Time spent auto-exploring this place.
 F = Levels seen in this place.
 G = Mean time per level.
                   A        B        C        D        E       F      G
               +--------+--------+--------+--------+--------+-----+--------+
         Total |   2162 |   1999 |    163 |      0 |   1709 |   3 |  720.7 |
       Dungeon |   2162 |   1999 |    163 |      0 |   1709 |   3 |  720.7 |
               +--------+--------+--------+--------+--------+-----+--------+

Top non-repeatable levels by time:
     D:2: 1178 daAuts
     D:1: 965 daAuts
     D:3: 18 daAuts

Table legend:
 A = Kills in this place as a percentage of kills in the entire game.
 B = Kills by you in this place as a percentage of kills by you in the entire game.
 C = Kills by friends in this place as a percentage of kills by friends in the entire game.
 D = Other kills in this place as a percentage of other kills in the entire game.
 E = Experience gained in this place as a percentage of experience gained in the entire game.
 F = Experience gained in this place divided by the number of levels of this place that you have seen.
                   A       B       C       D       E      F
               +-------+-------+-------+-------+-------+----------------------
         Total | 100.0 | 100.0 |   N/A |   N/A | 100.0 |  53.3
       Dungeon | 100.0 | 100.0 |   N/A |   N/A | 100.0 |  53.3
               +-------+-------+-------+-------+-------+----------------------
